 Dungeon Crawl Stone Soup version 0.29.1-13-g9f3cf754e1 (webtiles) character file.

Game seed: 15417424735077229529

28 Heoruswealwe the Trooper (level 3, 0/30 HPs)
             Began as a Barachi Fighter on Feb 1, 2023.
             Was a Believer of Uskayaw.
             Slain by a gnoll
             ... wielding a +0 halberd
              (1 damage)
             ... on level 2 of the Dungeon.
             The game lasted 00:16:07 (1185 turns).

Heoruswealwe the Trooper (Barachi Fighter)          Turns: 1185, Time: 00:16:07

Health: 0/30       AC: 12    Str: 16 (19) XL:     3   Next: 12%
Magic:  3/3        EV:  8    Int:  7 (8)  God:    Uskayaw [**....]
Gold:   25         SH:  4    Dex: 10 (11) Spells: 2/2 levels left

rFire   . . .      SeeInvis .   a - +0 long sword
rCold   . . .      Faith    .   c - +0 buckler
rNeg    + . .      Spirit   .   b - +0 scale mail
rPois   +          Reflect  .   (no helmet)
rElec   .          Harm     .   (no cloak)
rCorr   .          Rampage  .   m - +2 pair of gloves
Will    .....      Rage     3%  (no boots)
Stlth   ..........              (no amulet)
HPRegen 0.10/turn               f - ring of positive energy
MPRegen 0.08/turn               h - ring of poison resistance

@: slow
A: amphibious, slowness 1, strong legs 1, +LOS, iridescent scales 1, berserk 1
a: Hop, Renounce Religion, Stomp, Line Pass


You were on level 2 of the Dungeon.
You worshipped Uskayaw.
Uskayaw was noncommittal.
You visited 1 branch of the dungeon, and saw 2 of its levels.

You collected 25 gold pieces.

Inventory:

Hand Weapons
 a - a +0 long sword (weapon)
 g - a +0 dagger
 k - a +0 dagger
 o - a +0 club
 r - a +0 whip
 s - a +0 club
Missiles
 q - 5 stones
Armour
 b - a +0 scale mail (worn)
 c - a +0 buckler (worn)
 e - a +0 pair of gloves
 j - a +0 scale mail
 l - a +0 leather armour
 m - a +2 pair of gloves (worn)
 t - a +0 scale mail
Jewellery
 f - a ring of positive energy (left hand)
 h - a ring of poison resistance (right hand)
 i - a ring of protection from cold
 n - an amulet of faith
Potions
 d - 2 potions of might
 p - a potion of attraction
 u - a potion of heal wounds
 v - a potion of invisibility


   Skills:
 + Level 4.0 Fighting
 + Level 3.1 Long Blades
 + Level 3.9 Armour
 + Level 3.5 Shields


You had 2 spell levels left.
You didn't know any spells.
Your spell library contained the following spells:

 Spells                   Type           Power      Damage    Failure   Level
 Gell's Gravitas          Tloc           0%         N/A       99%         3
 Teleport Other           Tloc           0%         N/A       99%         3
 Dispersal                Tloc           0%         N/A       100%        6


Dungeon Overview and Level Annotations

Branches:
Dungeon (2/15)

Altars:
Uskayaw


Innate Abilities, Weirdness & Mutations

You are amphibious.
You cover ground slowly.
You can hop short distances.
You have an extended range of vision and can be seen from far away.
You are partially covered in iridescent scales. (AC +2)
You sometimes lose your temper in combat.


Message History

q - 5 stones (gained 3)
A gnoll comes into view. It is wielding a +0 halberd.
The gnoll shouts!
A bat comes into view.
A gnoll comes into view. It is wielding a +0 club.
Found 7 gold pieces.
The gnoll shouts!
The teleport trap disappears.
The bat disappears!
Found 11 gold pieces.
A gnoll comes into view. It is wielding a +0 spear.
The gnoll hits you from afar with a +0 halberd.
You barely miss the gnoll. The gnoll closely misses you.
You hit the gnoll.
The gnoll is lightly wounded.
The gnoll hits you from afar with a +0 halberd.
The gnoll barely misses you.
You hit the gnoll.
The gnoll is moderately wounded.
The gnoll hits you but does no damage. x2; The gnoll closely misses you.
The gnoll hits you but does no damage.
The gnoll hits you from afar with a +0 halberd!
* * * LOW HITPOINT WARNING * * *
You slash the gnoll!
The gnoll is severely wounded.
The gnoll closely misses you. You block the gnoll's attack.
The gnoll hits you but does no damage.
You can now pass through a line of other dancers.
You closely miss the gnoll.
The gnoll is severely wounded.
The gnoll hits you but does no damage.
The gnoll hits you from afar with a +0 halberd!
* * * LOW HITPOINT WARNING * * *
The gnoll completely misses you.
You barely miss the gnoll.
The gnoll is severely wounded.
You block the gnoll's attack. x2; The gnoll hits you but does no damage.
You slash the gnoll!
You kill the gnoll!
The gnoll hits you from afar with a +0 halberd.
You die...

### #### #.## ... ##.#
##++##### $. #.#
#.<.....# .# .#
#.###.#####.###g##.....
#..##.#####..@)g....#
##.......##.###.###.#
#####.##.##.##.# ...
...............# .....
..###.#..##.##.#
####.$.
......#..##.##.# ###
#.##..#..##..#.#
#.##.##..###.#.#
#.##.##........#


You could see 2 gnolls.

Vanquished Creatures
  A gnoll (D:2)
  5 ball pythons
  6 bats
  An endoplasm (D:1)
  2 hobgoblins (D:1)
  4 kobolds (D:1)
  2 frilled lizards (D:1)
  4 rats (D:1)
25 creatures vanquished.

Notes
Turn   | Place    | Note
-------+----------+-------------------------------------------
     0 | D:1      | Heoruswealwe the Barachi Fighter began the quest for the
                  | Orb.
     0 | D:1      | Reached XP level 1. HP: 18/18 MP: 1/1
     2 | D:1      | Noticed a naga
    28 | D:1      | Noticed a tengu
    28 | D:1      | Noticed a meteoran
    32 | D:1      | Noticed a palentonga
    32 | D:1      | Noticed a human
    34 | D:1      | Noticed a demonspawn
    34 | D:1      | Noticed a demigod
    38 | D:1      | Noticed an elf
    38 | D:1      | Noticed a ghoul
    40 | D:1      | Noticed an octopode
    42 | D:1      | Noticed a gargoyle
    42 | D:1      | Noticed a minotaur
    44 | D:1      | Noticed a formicid
    44 | D:1      | Noticed a draconian
    46 | D:1      | Noticed a vine stalker
    46 | D:1      | Noticed an ogre
    48 | D:1      | Noticed a spriggan
    48 | D:1      | Noticed a merfolk
    50 | D:1      | Noticed a felid
    52 | D:1      | Noticed a formicid
    52 | D:1      | Noticed a troll
    58 | D:1      | Noticed a tengu
   255 | D:1      | Found a faded altar of an unknown god.
   274 | D:1      | Prayed at the altar of an unknown god.
   274 | D:1      | Became a worshipper of Uskayaw the Reveller
   274 | D:1      | Reached * piety under Uskayaw
   407 | D:1      | Reached XP level 2. HP: 25/25 MP: 2/2
   542 | D:1      | Reached ** piety under Uskayaw
   612 | D:1      | Reached skill level 4 in Fighting
   631 | D:1      | Gained mutation: You sometimes lose your temper in combat.
                  | [potion of mutation]
   631 | D:1      | Gained mutation: You are partially covered in iridescent
                  | scales. (AC +2) [potion of mutation]
   858 | D:1      | Reached XP level 3. HP: 30/30 MP: 3/3
  1183 | D:2      | HP: 1/30 [gnoll/+0 halberd (8)]
  1185 | D:2      | Slain by a gnoll

Illustrated notes

Levels and vault maps discovered:
D:1:      kb_arrival_jail, layout_basic, ebering_ecumenical_altar_sacrificial
D:2:      kennysheep_big_flooded_room, layout_loops_cross

Skill      XL: |  1  2 |
---------------+-------+-----
Fighting       | 4 |  4.0
Long Blades    | 3 |  3.1
Armour         | |  3.9
Shields        | |  3.5

Action                   || total
-------------------------++-------
Melee: Long sword        ||    64
  Use: Potion            ||     6
Armor: Scale mail        ||    39
Dodge: Dodged            ||    39
Block: Buckler           ||    14
